 Dungeon Crawl Stone Soup version 0.24-a0-769-g368c1644f8 (webtiles) character file.

Game seed: 10641100037318395691, levelgen mode: deterministic

28 Torious2 the Conjurer (level 2, -3/15 HPs)
             Began as a Deep Elf Conjurer on Oct 6, 2019.
             Killed from afar by Natasha (4 damage)
             ... with a magic dart
             ... on level 2 of the Dungeon.
             The game lasted 00:03:29 (521 turns).

Torious2 the Conjurer (Deep Elf Conjurer)            Turns: 521, Time: 00:03:30

Health: -3/15      AC:  2    Str:  5    XL:     2   Next: 96%
Magic:  5/8        EV: 13    Int: 19    God:
Gold:   15         SH:  0    Dex: 15    Spells: 5/8 levels left

rFire    . . .     SeeInvis .   e - +0 dagger
rCold    . . .     Gourm    .   (no shield)
rNeg     . . .     Faith    .   a - +0 robe
rPois    .         Spirit   .   (no helmet)
rElec    .         Reflect  .   (no cloak)
rCorr    .         Harm     .   (no gloves)
MR       .....                  (no boots)
Stlth    ++........             (no amulet)
HPRegen  0.05/turn              (no ring)
MPRegen  0.11/turn              (no ring)

@: slowed, very slow
A: no striking features
a: no special abilities


You were on level 2 of the Dungeon.
You were not hungry.

You visited 1 branch of the dungeon, and saw 2 of its levels.

You collected 15 gold pieces.

Inventory:

Hand Weapons
 e - a +0 dagger (weapon)
Armour
 a - a +0 robe (worn)
Scrolls
 g - a scroll of remove curse
Comestibles
 c - 2 rations
 d - 3 chunks of flesh


   Skills:
 - Level 2.4 Dodging
 - Level 2.4 Stealth
 + Level 3.7 Spellcasting
 * Level 5.1 Conjurations


You had 5 spell levels left.
You knew the following spells:

 Your Spells              Type           Power        Failure   Level  Hunger
a - Magic Dart            Conj           ###.         1%          1    None
b - Searing Ray           Conj           ###...       2%          2    ##.....

Your spell library contained the following spells:

 Spells                   Type           Power        Failure   Level  Hunger
 Dazzling Spray           Conj/Hex       ##....       14%         3    ###....
 Iskenderun's Mystic Bla  Conj           ###.....     17%         4    ####...
 Force Lance              Conj/Tloc      ##......     43%         4    ####...
 Fulminant Prism          Conj/Hex       ##........   43%         4    ####...


Dungeon Overview and Level Annotations

Branches:
Dungeon (2/15)

Altars:

Annotations:
D:2 1 exclusion, Natasha


Message History

Natasha closely misses you.
As you read the scroll labeled UWURUA QOIWO, it crumbles to dust.
It is a scroll of identify.
You don't have any unidentified items.
Natasha stares at you and mumbles some strange words.
The magic dart hits you.
* * * LOW HITPOINT WARNING * * *
Natasha howls an incantation.
You feel disoriented. Natasha claws you.
* * * LOW HITPOINT WARNING * * *
You aren't carrying any potions.
Natasha stares at you and mumbles some strange words.
You resist with significant effort.
Natasha stares at you and mumbles some strange words.
You resist with significant effort.
Natasha growls.
Natasha stares at you and mumbles some strange words.
The magic dart hits you.
You die...

,******* #######..###.# ,,,*
********* #....#.#
,*,****,,,,,,,* #.##.#.##
,,,,,,*,,,,,,,* #...<...#
*,,**,*,,,,,,,* #)......#
,,,**,*,,,,,,,* #.##.##.#
,,,,*,*,,,,,,,* #....#*.#
,,,**,*,,,,,,,###..###*.#
,,,,,,****,***#.@...###.#
*,***** **,** #h#.......#
,,,,,* *,,,**#.##..#####
****,***#...........# ******
*,,,,.....##.#...#*******,,,,,
*,***####,*#.#......,,,,*,****
*,* *,*#.....##.***,*,****
****,* *,,.....#..,* *,*,**,,
,,,,,*
*****###.##.#.***,*,**,*


You could see Natasha.

Vanquished Creatures
  An adder (D:2)
  An ooze (D:1)
  A dart slug (D:1)
  A leopard gecko (D:2)
  A goblin (D:1)
  3 jackals (D:1)
  2 bats (D:1)
  A kobold (D:1)
  2 rats (D:1)
13 creatures vanquished.

Notes
Turn   | Place    | Note
-------+----------+-------------------------------------------
     0 | D:1      | Torious2 the Deep Elf Conjurer began the quest for the Orb.
     0 | D:1      | Reached XP level 1. HP: 10/10 MP: 6/6
   168 | D:1      | Reached XP level 2. HP: 15/15 MP: 2/8
   172 | D:1      | Learned a level 2 spell: Searing Ray
   465 | D:2      | Reached skill level 5 in Conjurations
   511 | D:2      | Noticed Natasha
   521 | D:2      | Killed from afar by Natasha

Levels and vault maps discovered:
D:1:      saegor_arrival_under_anarchy, layout_rooms
D:2:      layout_loops_cross, nicolae_ru_the_path_less_chosen,
          minmay_tetromino_s4, uniq_natasha

Skill      XL: |  1  2 |
---------------+-------+-----
Conjurations   | 5 |  5.1
Dodging        | |  2.4
Stealth        | |  2.4
Spellcasting   | |  3.7

Action                   || total
-------------------------++-------
 Cast: Magic Dart        ||    30
  Use: Scroll            ||     4
Dodge: Dodged            ||     4

Table legend:
 A = Non-vault XP
 B = Vault XP
 C = Vault XP percentage of total XP
 D = Non-vault monster count
 E = Vault monster count
 F = Vault count percentage of total count
                 A         B        C        D         E       F
            +---------+---------+-------+---------+---------+-------
      Total |      40 |       0 |   0.0 |      13 |       0 |   0.0
            +---------+---------+-------+---------+---------+-------
        D:1 |      24 |       0 |   0.0 |      11 |       0 |   0.0
        D:2 |      16 |       0 |   0.0 |       2 |       0 |   0.0
            +---------+---------+-------+---------+---------+-------
